 Seeded DCSS version 0.31.0-12-g77e489cdc1 (webtiles) character file.

Game seed: 8148200556086615632 (custom seed)

9 Buffagor the Changeling (level 2, -4/21 HPs)
             Began as a Merfolk Shapeshifter on Mar 8, 2024.
             Was a Follower of Uskayaw.
             Slain by a hobgoblin
             ... wielding a +0 spear
              (6 damage)
             ... on level 1 of the Dungeon.
             The game lasted 00:00:51 (128 turns).

Buffagor the Changeling (Merfolk Shapeshifter)       Turns: 128, Time: 00:00:51

Health: -4/21      AC:  2    Str: 14    XL:     2   Next: 12%
Magic:  2/2        EV: 12    Int:  9    God:    Uskayaw [*.....]
Gold:   22         SH:  0    Dex: 13    Spells: 1/1 levels left

rFire   . .          .
                       - Unarmed
rCold   . . .        (no shield)
rNeg    . . .        a - +0 animal skin
rPois   .            (helmet currently unavailable)
rElec   .            (cloak currently unavailable)
rCorr   .            (gloves currently unavailable)
SInv    .            (boots currently unavailable)
Will    .....        (no amulet)
Stlth   +            (no ring)
HPRegen 0.23/turn    (no ring)
MPRegen 0.08/turn

%: no passive effects
@: beast-form
A: beast (slay +2), (nimble swimmer 2), mertail
a: Begin Untransformation, Renounce Religion, Stomp


You were on level 1 of the Dungeon.
You worshipped Uskayaw.
Uskayaw was noncommittal.
You were a hulking beast.
You visited 1 branch of the dungeon, and saw 1 of its levels.

You collected 22 gold pieces.

Inventory:

Armour
 a - a +0 animal skin (worn)
Talismans
 c - a beast talisman
 d - a flux talisman
Potions
 b - a potion of lignification
 e - a potion of attraction {unknown}
 f - a potion of mutation {unknown}


   Skills:
 - Level 1.1 Fighting
 - Level 2.6 Dodging
 + Level 3.5 Unarmed Combat
 * Level 4.4 Shapeshifting


You had one spell level left.
You didn't know any spells.
Your spell library was empty.

Dungeon Overview and Level Annotations

Branches:
Dungeon (1/15)

Altars:
Uskayaw


Innate Abilities, Weirdness & Mutations

You are a hulking beast.
Your limbs bulge with bestial killing power. (Slay +2)
((You are very nimble when in or above water. (Stealth+, EV+, Speed+++)))
Your lower body shifts to a powerful aquatic tail in water.


Message History

The hobgoblin shouts!
You hit the hobgoblin.
The hobgoblin is heavily wounded.
You hit the hobgoblin.
The hobgoblin is almost dead.
The hobgoblin misses you.
You hit the hobgoblin.
You kill the hobgoblin!
The hobgoblin hits you with a +0 spear.
You hit the hobgoblin but do no damage. The hobgoblin hits you with a +0 spear.
You are too injured to fight recklessly!
You are too injured to fight recklessly!
You are too injured to fight recklessly!
You are too injured to fight recklessly!
You are too injured to fight recklessly!
You are too injured to fight recklessly!
You are too injured to fight recklessly!
You are too injured to fight recklessly!
You are too injured to fight recklessly!
You are too injured to fight recklessly!
You are too injured to fight recklessly!
You are too injured to fight recklessly!
You are too injured to fight recklessly!
You are too injured to fight recklessly!
You are too injured to fight recklessly!
Unknown command.
You closely miss the hobgoblin. The hobgoblin closely misses you.
You closely miss the hobgoblin. The hobgoblin hits you with a +0 spear.
You barely miss the hobgoblin. The hobgoblin hits you with a +0 spear.
* * * LOW HITPOINT WARNING * * *
You hit the hobgoblin.
The hobgoblin is heavily wounded.
The hobgoblin barely misses you.
You barely miss the hobgoblin.
The hobgoblin is heavily wounded.
The hobgoblin closely misses you.
You hit the hobgoblin.
The hobgoblin is almost dead.
The hobgoblin hits you with a +0 spear.
You die...

#. .## #.#.. ... #.#.# #.#
#+# #.#.# #.# # #.##
#...####.#### ... #..##
#...#.......#...# #...##
#####...#.........# ##....#
#............hg.#
#####...... .###...###.#####
+.....<.... .
#G#...#G#.######.#####......
...###...###......#..
##....#
#............>......# #...##
#......_............# #..##
##..................# ###.##
...###...###........# #.#'#
...#G#...#G#)†......# #...#


You could see a hobgoblin.

Vanquished Creatures
  A ball python (D:1)
  A goblin (D:1)
  3 hobgoblins (D:1)
  A kobold (D:1)
  A frilled lizard (D:1)
7 creatures vanquished.

Notes
Turn   | Place    | Note
-------+----------+-------------------------------------------
     0 | D:1      | Buffagor the Merfolk Shapeshifter began the quest for the
                  | Orb.
     0 | D:1      | Reached XP level 1. HP: 15/15 MP: 1/1
    57 | D:1      | Noticed a golden eye
    60 | D:1      | Noticed a shining eye
    70 | D:1      | Reached XP level 2. HP: 14/21 MP: 2/2
   101 | D:1      | Found a faded altar of an unknown god.
   102 | D:1      | Noticed a golden eye
   102 | D:1      | Noticed a golden eye
   107 | D:1      | Prayed at the altar of an unknown god.
   107 | D:1      | Became a worshipper of Uskayaw the Reveller
   107 | D:1      | Reached * piety under Uskayaw
   125 | D:1      | HP: 1/21 [hobgoblin/+0 spear (6)]
   128 | D:1      | Slain by a hobgoblin

Illustrated notes

Levels and vault maps discovered:
D:1:      mrwooster_arrival_arrow, layout_rooms,
          hellmonk_ecumenical_altar_watching_god, minmay_indecisive_spiral

Action                     || total
---------------------------++-------
  Melee: Unarmed           ||    24
 Armour: Animal skin       ||    12
  Dodge: Dodged            ||    14
